 Dungeon Crawl Stone Soup version 0.26-a0-53-g45f243fec8 (webtiles) character file.

Game seed: 6342412848874306739

16858 ICC the Slicer (level 12, -6/56 HPs)
             Began as a Vine Stalker Fighter on June 7, 2020.
             Was a High Priest of Wu Jian.
             Mangled by a sun demon (9 damage)
             ... summoned by an orc sorcerer
             ... while paralysed by an orc sorcerer
             ... on level 2 of the Orcish Mines.
             The game lasted 00:58:21 (9062 turns).

ICC the Slicer (Vine Stalker Fighter)               Turns: 9062, Time: 00:58:22

Health: -6/56      AC: 17    Str: 22    XL:     12   Next: 41%
Magic:  0/34       EV:  2    Int:  8    God:    Wu Jian [*****.]
Gold:   1218       SH:  0    Dex: 16    Spells: 27/27 levels left

rFire    . . .     SeeInvis .   a - +2 dagger (elec)
rCold    . . .     Gourm    .   c - +0 kite shield
rNeg     . . .     Faith    .   D - +4 chain mail
rPois    .         Spirit   +   m - +2 helmet
rElec    .         Reflect  +   b - +0 cloak
rCorr    .         Harm     .   (no gloves)
MR       +....                  (no boots)
Stlth    ..........             B - amulet of reflection
HPRegen  0.98/turn              K - ring of magical power
MPRegen  0.24/turn              I - +4 ring of evasion

@: paralysed, studying Polearms
A: fangs 3, regeneration 2, magic shield, antimagic bite, no potion heal 3, rot
immunity
a: Wall Jump, Serpent's Lash, Heavenly Storm, Renounce Religion


You were on level 2 of the Orcish Mines.
You worshipped Wu Jian.
Wu Jian was extremely pleased with you.
You were not hungry.

You visited 3 branches of the dungeon, and saw 13 of its levels.

You collected 1330 gold pieces.
You spent 112 gold pieces at shops.

Inventory:

Hand Weapons
 a - a +2 dagger of electrocution (weapon)
 w - a +0 rapier
Missiles
 e - 9 curare-tipped darts (quivered)
Armour
 b - a +0 cloak (worn)
 c - a +0 kite shield (worn)
 m - a +2 helmet (worn)
 D - a +4 chain mail (worn)
 G - a +2 robe of cold resistance
 Q - a cursed -1 tower shield
Jewellery
 h - an uncursed ring of protection from fire
 r - an uncursed ring of protection from magic
 B - an amulet of reflection (around neck)
 I - a +4 ring of evasion (right hand)
 K - a ring of magical power (left hand)
 P - an uncursed ring of resist corrosion
 T - an uncursed ring of flight
Wands
 t - a wand of clouds (4)
 N - a wand of flame (22)
 U - a wand of paralysis (21)
 V - a wand of random effects (22)
Scrolls
 g - 2 scrolls of immolation
 j - 3 scrolls of identify
 l - 2 scrolls of enchant weapon
 o - 2 scrolls of magic mapping
 p - a scroll of blinking
 q - a scroll of enchant armour
 y - 4 scrolls of teleportation
 M - a scroll of fear
Potions
 d - 2 potions of might
 i - 5 potions of curing {unknown}
 k - a potion of invisibility
 s - a potion of cancellation {unknown}
 u - a potion of brilliance {unknown}
 v - a potion of stabbing
 x - 4 potions of heal wounds {unknown}
 z - 4 potions of degeneration {unknown}
 E - 4 potions of lignification {unknown}
 J - 2 potions of mutation
Books
 F - a manual of Polearms
Comestibles
 f - 11 rations
 n - 5 chunks of flesh


   Skills:
 - Level 3.0 Fighting
 - Level 14.0 Short Blades
 - Level 3.0 Armour
 + Level 9.0 Shields
 - Level 8.0 Spellcasting


You had 27 spell levels left.
You didn't know any spells.
Your spell library contained the following spells:

 Spells                   Type           Power        Failure   Level  Hunger
 Shock                    Conj/Air       #...         98%         1    None
 Sting                    Tmut/Pois      #...         98%         1    None
 Summon Small Mammal      Summ           #...         98%         1    None
 Call Imp                 Summ           #.......     99%         2    ##.....
 Poisonous Vapours        Pois/Air       #.....       99%         2    ##.....
 Swiftness                Chrm/Air       #.......     99%         2    ##.....
 Call Canine Familiar     Summ           #.......     100%        3    ###....
 Confusing Touch          Hex            #.......     100%        3    ###....
 Gell's Gravitas          Tloc           #.........   100%        3    ###....
 Ignite Poison            Fire/Tmut/Pois #.......     100%        3    ###....
 Mephitic Cloud           Conj/Pois/Air  #.......     100%        3    ###....
 Static Discharge         Conj/Air       #.......     100%        3    ###....
 Summon Guardian Golem    Hex/Summ       #.......     100%        3    ###....
 Airstrike                Air            #.........   100%        4    ####...
 Olgreb's Toxic Radiance  Pois           #.......     100%        4    ####...
 Petrify                  Tmut/Erth      #.......     100%        4    ####...
 Summon Ice Beast         Ice/Summ       #.......     100%        4    ####...
 Summon Lightning Spire   Summ/Air       #.......     100%        4    ####...
 Lightning Bolt           Conj/Air       #.........   100%        5    ######.
 Metabolic Englaciation   Hex/Ice        #.........   100%        5    ######.
 Yara's Violent Unravell  Hex/Tmut       #.........   100%        5    ######.


Dungeon Overview and Level Annotations

Branches:
Dungeon (10/15)            Temple (1/1) D:4            Lair (0/6) D:9
    Orc (2/2) D:10            Elf (0/3) Orc:2

Altars:
Ashenzari
Cheibriados
Dithmenos
Elyvilon
Fedhas
Gozag
Hepliaklqana
Kikubaaqudgha
Makhleb
Nemelex Xobeh
Okawaru
Qazlal
Ru
Sif Muna
Trog
Uskayaw
Vehumet
Wu Jian
Xom
Yredelemnul
Zin
The Shining One
Beogh

Shops:
D:6 %*[   Orc:2 (%


Innate Abilities, Weirdness & Mutations

You have razor-sharp teeth.
You heal very quickly.
When hurt, damage is shared between your health and your magic reserves.
Your bite disrupts and absorbs the magic of your enemies.
Potions cannot restore your health.
You are immune to rotting.


Message History

The orc warrior shouts!
You hear a shout!
You hit the orc sorcerer.
Lightning courses through the orc sorcerer!
Your bite misses the orc sorcerer.
The orc sorcerer is heavily wounded.
The orc sorcerer shouts, "You are history!"
The orc sorcerer points at you and mumbles some strange words.
You suddenly lose the ability to move!
The orc sorcerer gestures wildly while chanting.
The sun demon hits you!!
You are engulfed in flames!
The orc sorcerer casts a spell at you. The bolt of fire hits you!!
The sun demon hits you!
* * * LOW HITPOINT WARNING * * *
You are engulfed in flames!
* * * LOW HITPOINT WARNING * * *
The sun demon hits you.
* * * LOW HITPOINT WARNING * * *
You are engulfed in flames!
You die...

#............)....)........#...
###........####.............# ...
#.........## #............### ..
.........## ##..#####..>### ##.
#.......######..##...##..#.####..
###........##..##.....##....#.#..
##......###..#)).....#.....##..
##..........)o))8_.∩#.........
#..........#@3)..).#......###
#..........##%)...##.....##..
##..........##...##......#...
###.##......#####..#....#.._
###.....#... ...#...#.#...
#.#..###########..#.##.. #.#.##
####..### #. ## #


You could see a sun demon (summoned) and an orc sorcerer.

Vanquished Creatures
  Josephine (Orc:1)
  A two-headed ogre (D:9)
  2 orc high priests
  Pikel (D:8)
  2 orc sorcerers
  2 orc knights
  The ghost of voshxx the Gouger, a novice FeBe of Trog (D:9)
  3 trolls
  A hippogriff (D:7)
  10 yaks
  Sigmund (D:5)
  A hungry ghost (D:9)
  Eustachio (D:5)
  4 wraiths
  5 porcupines (D:9)
  2 wargs
  A water moccasin (D:9)
  24 orc warriors
  3 ice beasts
  A black bear (D:9)
  A sky beast (D:6)
  A necrophage (D:6)
  4 slaves (D:8)
  13 ogres
  7 big kobolds
  4 bullfrogs
  3 gnoll sergeants (D:10)
  A water moccasin zombie (D:5)
  4 scorpions
  6 electric eels (D:6)
  2 howler monkeys
  2 bullfrog zombies
  5 crimson imps
  6 jellies
  Crazy Yiuf (D:3)
  5 hounds
  19 orc priests
  A bullfrog skeleton (D:5)
  Ijyb (D:5)
  12 orc wizards
  6 worker ants
  A howler monkey zombie (D:7)
  Robin (D:2)
  2 howler monkey skeletons
  3 gnolls
  9 adders
  2 shadow imps
  3 oozes
  An adder skeleton (D:6)
  2 adder zombies
  A worm (D:2)
  3 dart slugs
  7 leopard geckos
  81 orcs
  6 giant cockroaches
  9 hobgoblins
  8 jackals (D:1)
  2 quokkas
  3 ball pythons
  7 bats
  7 frilled lizards
  13 goblins
  55 kobolds
  A leopard gecko skeleton (D:8)
  A quokka skeleton (D:7)
  11 rats
410 creatures vanquished.

Vanquished Creatures (others)
  Sonja (D:10)
  31 fungi (D:9)
  8 plants (D:9)
40 creatures vanquished.

Grand Total: 450 creatures vanquished

Notes
Turn   | Place    | Note
-------+----------+-------------------------------------------
     0 | D:1      | ICC the Vine Stalker Fighter began the quest for the Orb.
     0 | D:1      | Reached XP level 1. HP: 11/11 MP: 2/2
    47 | D:1      | Reached skill level 1 in Spellcasting
    58 | D:1      | Reached XP level 2. HP: 8/16 MP: 3/5
   207 | D:1      | Reached XP level 3. HP: 14/19 MP: 7/7
   391 | D:1      | Reached skill level 2 in Short Blades
   753 | D:2      | Gained mutation: Your natural rate of healing is unusually
                  | fast. [Vine Stalker growth]
   753 | D:2      | Reached XP level 4. HP: 18/24 MP: 4/8
   820 | D:2      | Found a hazy altar of Hepliaklqana.
   889 | D:2      | Noticed Robin
   913 | D:1      | HP: 1/24 [poisoned by an adder]
   918 | D:1      | HP: 1/24 [poisoned by an adder]
   923 | D:1      | HP: 1/24 [poisoned by an adder]
  1086 | D:2      | Found a bloodstained altar of Trog.
  1292 | D:2      | Killed Robin
  1385 | D:2      | Found a hazy altar of Hepliaklqana.
  1608 | D:2      | Found a bloodstained altar of Trog.
  1702 | D:3      | Reached XP level 5. HP: 28/28 MP: 11/11
  1729 | D:3      | You fall into a shaft and drop 1 floor!
  1732 | D:4      | Found an opulent altar of Gozag.
  1806 | D:4      | Found a staircase to the Ecumenical Temple.
  1815 | Temple   | Entered the Ecumenical Temple
  1822 | Temple   | Became a worshipper of the Wu Jian Council
  2115 | D:3      | Found a runed translucent door.
  2116 | D:3      | Noticed Crazy Yiuf
  2122 | D:3      | Killed Crazy Yiuf
  2513 | D:3      | Found a sacrificial altar of Ru.
  2874 | D:2      | You fall into a shaft and drop 1 floor!
  2972 | D:4      | Reached XP level 6. HP: 30/32 MP: 12/14
  2986 | D:4      | Reached skill level 5 in Spellcasting
  2997 | D:4      | Found an ancient bone altar of Kikubaaqudgha.
  3153 | D:4      | Reached * piety under Wu Jian
  3662 | D:5      | Entered Level 5 of the Dungeon
  3737 | D:5      | Noticed Sigmund
  3744 | D:5      | Killed Sigmund
  3744 | D:5      | Reached XP level 7. HP: 32/36 MP: 14/18
  3745 | D:5      | Noticed Eustachio
  3765 | D:5      | Killed Eustachio
  4070 | D:5      | Gained mutation: You have razor-sharp teeth. [Vine Stalker
                  | growth]
  4070 | D:5      | Reached XP level 8. HP: 40/40 MP: 21/21
  4080 | D:5      | Reached skill level 3 in Short Blades
  4153 | D:5      | Noticed Ijyb
  4167 | D:5      | Killed Ijyb
  4416 | D:6      | Reached skill level 4 in Short Blades
  4516 | D:6      | Reached ** piety under Wu Jian
  4530 | D:6      | Reached skill level 5 in Short Blades
  4631 | D:6      | Reached skill level 6 in Short Blades
  4697 | D:6      | Found Kenku's Food Shop.
  4709 | D:6      | Reached XP level 9. HP: 44/44 MP: 22/22
  4735 | D:6      | Found Okhaefu's General Store.
  4766 | D:6      | Bought a potion of mutation for 112 gold pieces
  4793 | D:6      | Reached skill level 7 in Short Blades
  4810 | D:6      | Found Paretwy's Armour Shop.
  5009 | D:6      | Reached skill level 8 in Short Blades
  5015 | D:6      | Reached *** piety under Wu Jian
  5600 | D:7      | Reached skill level 9 in Short Blades
  6356 | D:8      | Reached XP level 10. HP: 49/49 MP: 23/23
  6376 | D:8      | Reached **** piety under Wu Jian
  6396 | D:8      | Reached skill level 10 in Short Blades
  6418 | D:8      | Noticed Pikel
  6443 | D:8      | Killed Pikel
  6852 | D:9      | Reached skill level 11 in Short Blades
  6880 | D:9      | Found a staircase to the Lair.
  6903 | D:9      | Noticed a two-headed ogre
  6916 | D:9      | Killed a two-headed ogre
  6925 | D:9      | Reached skill level 12 in Short Blades
  7083 | D:9      | Found a runed translucent gate.
  7083 | D:9      | Found a runed translucent gate.
  7083 | D:9      | Found a runed translucent gate.
  7088 | D:9      | Noticed voshxx's ghost (novice FeBe)
  7161 | D:9      | Killed voshxx's ghost
  7203 | D:9      | Reached XP level 11. HP: 42/52 MP: 16/24
  7581 | D:10     | Entered Level 10 of the Dungeon
  7674 | D:10     | Noticed Sonja
  7692 | D:10     | Killed Sonja
  7692 | D:10     | Reached skill level 13 in Short Blades
  7892 | D:10     | Found a staircase to the Orcish Mines.
  8050 | Orc:1    | Entered Level 1 of the Orcish Mines
  8052 | Orc:1    | Noticed an orc knight
  8084 | Orc:1    | Killed an orc knight
  8285 | Orc:1    | Reached skill level 14 in Short Blades
  8293 | Orc:1    | Noticed Josephine
  8298 | Orc:1    | Killed Josephine
  8298 | Orc:1    | Reached skill level 5 in Shields
  8396 | Orc:1    | Noticed an orc sorcerer
  8397 | Orc:1    | Noticed an orc high priest
  8402 | Orc:1    | Killed an orc high priest
  8410 | Orc:1    | Killed an orc sorcerer
  8410 | Orc:1    | Gained mutation: You heal very quickly. [Vine Stalker
                  | growth]
  8410 | Orc:1    | Reached XP level 12. HP: 42/56 MP: 25/25
  8573 | Orc:2    | Entered Level 2 of the Orcish Mines
  8586 | Orc:2    | Noticed an orc warlord
  8666 | Orc:2    | Reached ***** piety under Wu Jian
  8852 | Orc:2    | Found a roughly hewn altar of Beogh.
  8854 | Orc:2    | Found Izaez's Food Shoppe.
  8927 | Orc:2    | Found a roughly hewn altar of Beogh.
  8953 | Orc:2    | Found a staircase to the Elven Halls.
  9016 | Orc:2    | Found a roughly hewn altar of Beogh.
  9016 | Orc:2    | Noticed an orc high priest
  9017 | Orc:2    | Found Plog's Weapon Boutique.
  9024 | Orc:2    | Killed an orc high priest
  9058 | Orc:2    | Paralysed by an orc sorcerer for 4 turns
  9060 | Orc:2    | Noticed a sun demon
  9062 | Orc:2    | Mangled by a sun demon

Illustrated notes

Levels and vault maps discovered:
D:1:      lightli_arrival_chessboard, layout_loops_ring, feat_on_display
D:2:      layout_basic, nicolae_overflow_hidden_temple, first_ration, trog_book,
          uniq_robin
D:3:      layout_loops_corners, nicolae_ru_the_path_less_chosen,
          uniq_crazy_yiuf_cottage
D:4:      layout_loops_cross, grunt_gozag_breadcrumbs,
          kiku_gazebo_garden_becter, minmay_temple_entry_tees, serial_rivers,
          chequers_serial_rivers_marsh, chequers_serial_rivers_room_b,
          chequers_serial_rivers_marsh, chequers_serial_rivers_micro_d,
          chequers_serial_rivers_room_a, chequers_serial_rivers_small_3
D:5:      layout_loops_ring, serial_bayou_pond_e, minmay_manual_moon, uniq_ijyb,
          uniq_eustachio, uniq_sigmund
D:6:      minmay_goblin_kobold_castle, layout_rooms, serial_shops, shop, shop,
          nicolae_shop_waterfront, lightli_minifort
D:7:      layout_gridville
D:8:      layout_loops_ring, uniq_pikel
D:9:      layout_long_grid, due_lair_maze_entry_diamond,
          ebering_ghost_rock_garden
D:10:     layout_big_octagon, kennysheep_orc_monster_closet_entryway, uniq_sonja
Temple:   nicolae_temple_no_exploring_needed
Orc:1:    layout_caves, uniq_josephine
Orc:2:    grunt_orc_community_town_hall, layout_diamond_mine,
          grunt_orc_community_big_house_1, grunt_orc_community_big_house_1,
          grunt_orc_community_house_2, grunt_orc_community_house_3,
          grunt_orc_community_house_3, grunt_orc_community_house_2,
          grunt_orc_community_house_1, grunt_orc_community_house_1, basic_altar

Skill      XL: |  1  2  3  4  5  6  7  8  9 10 11 12 |
---------------+-------------------------------------+-----
Spellcasting   | 1 2 3 4 7 8 |  8.0
Short Blades   | 2 6 9 12 14 | 14.0
Fighting       | 3 |  3.0
Armour         | 3 |  3.0
Shields        | 3 4 6 9 |  9.0

Action                   |  1- 3 |  4- 6 |  7- 9 | 10-12 || total
-------------------------+-------+-------+-------+-------++-------
Melee: Rapier            |   100 |   213 |   441 |   427 ||  1181
       Bite              |    36 |    64 |   143 |   240 ||   483
       Dagger            |       |       |       |   385 ||   385
Throw: Javelin           |       |       |     4 |    10 ||    14
Invok: Lunge             |       |     7 |    42 |    57 ||   106
       Whirlwind         |       |       |    79 |   269 ||   348
       Serpent's Lash    |       |       |       |     8 ||     8
 Abil: Wall Jump         |       |       |     7 |     5 ||    12
Evoke: Wand              |       |       |     3 |    29 ||    32
  Use: Scroll            |       |     2 |     7 |     4 ||    13
       Potion            |       |     1 |       |       ||     1
 Stab: Invisible         |       |     1 |       |       ||     1
       Confused          |       |       |       |     4 ||     4
  Eat: Chunk             |       |     9 |     9 |    11 ||    29
Armor: Scale mail        |    55 |    36 |       |       ||    91
       Chain mail        |       |    65 |   131 |   105 ||   301
       Robe              |       |       |       |     2 ||     2
Dodge: Dodged            |    61 |    82 |   109 |   105 ||   357
Block: Other             |       |    15 |    51 |       ||    66
       Reflection        |       |       |    10 |    12 ||    22
       Buckler           |       |       |     7 |   103 ||   110
       Kite shield       |       |       |       |    83 ||    83

Table legend:
 A = Non-vault XP
 B = Vault XP
 C = Vault XP percentage of total XP
 D = Non-vault monster count
 E = Vault monster count
 F = Vault count percentage of total count
                 A         B        C        D         E       F
            +---------+---------+-------+---------+---------+-------
      Total |   13541 |   10542 |  43.8 |     261 |     146 |  35.9
            +---------+---------+-------+---------+---------+-------
        D:1 |      68 |       0 |   0.0 |      34 |       0 |   0.0
        D:2 |      56 |      35 |  38.5 |      20 |      12 |  37.5
        D:3 |      66 |      41 |  38.3 |      18 |       1 |   5.3
        D:4 |     258 |       0 |   0.0 |      17 |       0 |   0.0
        D:5 |     444 |     495 |  52.7 |      14 |       6 |  30.0
        D:6 |    1254 |     784 |  38.5 |      24 |      64 |  72.7
        D:7 |     553 |       0 |   0.0 |       8 |       0 |   0.0
        D:8 |     849 |     651 |  43.4 |      13 |       1 |   7.1
        D:9 |    1830 |    2443 |  57.2 |      27 |      12 |  30.8
       D:10 |    1585 |    2163 |  57.7 |      13 |      21 |  61.8
      Orc:1 |    3783 |    1644 |  30.3 |      32 |       4 |  11.1
      Orc:2 |    2795 |    2286 |  45.0 |      41 |      25 |  37.9
            +---------+---------+-------+---------+---------+-------
